Map: Inside and Out

Players

Exterminator - Winner!

  • Race: Terran Terran
  • League: Silver
  • Spawn Location: 7:00

Ancalagon

  • Race: Zerg Zerg
  • League: Silver
  • Spawn Location: 1:00

VOD

Have the link to the VOD?

Description

Time

  • Played on: Oct. 27, 2022, 2:30 a.m.
  • Length: 10:00
Show
View Real Time Build Order
Export as new Build Order

Exterminator Terran - Winner!

Build Orders:  

Get SALT Encoding   

  12  0:00  SCV  
  13  0:12  SCV  
  14  0:17  Supply Depot  
  14  0:25  SCV  
  15  0:29  Refinery  
  15  0:42  Barracks  
  15  0:46  SCV  
  16  0:56  Supply Depot  
  16  1:02  SCV  
  17  1:14  SCV, Refinery  
  18  1:26  SCV  
  19  1:46  SCV  
  20  1:47  Ghost Academy  
  20  1:54  Barracks Tech Lab  
  20  1:58  SCV  
  21  2:07  Barracks  
  21  2:12  SCV  
  22  2:18  Ghost  
  24  2:24  SCV  
  25  2:33  Personal Cloaking  
  25  2:37  SCV  
  26  2:47  Ghost  
  28  2:56  Barracks Tech Lab  
  28  3:02  Orbital Command  
  28  3:15  Ghost  
  30  3:28  SCV  
  31  3:41  Supply Depot  
  31  3:53  Factory  
  31  4:02  SCV, Ghost  
  34  4:07  Command Center  
  34  4:14  SCV  
  35  4:17  Ghost  
  37  4:26  SCV  
  38  4:40  Nuke  
  38  4:42  SCV  
  39  4:58  Factory Tech Lab, Refinery x2  
  39  5:15  Supply Depot  
  39  5:17  Supply Depot  
  39  5:19  SCV  
  40  5:31  SCV, Ghost x2  
  45  6:43  Nuke  
  45  6:45  SCV  
  45  6:46  Ghost x2  
  46  6:52  Siege Tank  
  53  7:11  SCV  
  54  8:13  Barracks Tech Lab  
  54  9:01  Barracks Tech Lab x2  
Show
View Real Time Build Order
Export as new Build Order

Ancalagon Zerg 

Build Orders: Pool First, Swarm Host 

Get SALT Encoding   

  12  0:37  Spawning Pool, Drone x2  
  12  0:38  Drone  
  14  1:00  Extractor  
  14  1:02  Drone  
  14  1:03  Extractor  
  13  1:05  Drone  
  14  1:33  Overlord x2  
  14  1:39  Roach Warren  
  14  2:12  Hatchery  
  13  2:27  Lair  
  13  2:31  Drone x3  
  16  2:44  Extractor  
  16  2:50  Drone  
  16  3:15  Drone x3  
  19  3:25  Drone  
  20  3:32  Hydralisk Den  
  19  3:39  Infestation Pit  
  18  3:42  Queen  
  20  3:50  Queen  
  23  3:55  Drone  
  23  4:03  Drone  
  23  4:05  Drone  
  25  4:17  Swarm Host  
  25  4:18  Swarm Host  
  25  4:23  Zergling x2  
  32  4:35  Swarm Host  
  35  4:47  Overlord x2  
  35  4:50  Drone  
  36  4:56  Overlord  
  36  5:28  Swarm Host x4  
  48  5:35  Hydralisk  
  48  5:36  Hydralisk  
  48  5:39  Hydralisk  
  39  6:13  Swarm Host x3  
  46  6:45  Spore Crawler  
  40  7:13  Hydralisk  
  40  7:14  Hydralisk  
  44  7:17  Overlord  
  40  7:56  Spawning Pool  
  39  8:26  Overlord x3  
  39  8:46  Spine Crawler  
  28  9:29  Zergling x8  
Tags
 
Composition
Swarm Host
Matchup
TvZ
Opening
Pool First
Spawn Locations
Cross Positions
Add a new tag
Caveats
  • Supply blocks, unpowered buildings, or Contaminate may cause inaccurate times.
  • Supply counts are checked every 10 seconds.